 Dungeon Crawl Stone Soup version 0.22.0-6-g71bd7aa (webtiles) character file.

25 Amnesiac the Magician (level 2, -3/19 HPs)
             Began as a Mummy Air Elementalist on Aug 16, 2018.
             Slain by a worker ant (6 damage)
             ... on level 4 of the Dungeon.
             The game lasted 00:01:52 (765 turns).

Amnesiac the Magician (Mummy Air Elementalist)       Turns: 765, Time: 00:01:53

Health: -3/19      AC:  2    Str: 11    XL:     2   Next: 82%
Magic:  0/6        EV: 12    Int: 14    God:
Gold:   61         SH:  0    Dex: 12    Spells: 4/7 levels left

rFire    . . .     SeeInvis +   e - +0 short sword
rCold    + . .     Gourm    .   (no shield)
rNeg     + + +     Faith    .   a - +0 robe
rPois    ∞         Spirit   .   (no helmet)
rElec    .         Reflect  .   (no cloak)
rCorr    .         Harm     .   (no gloves)
MR       .....                  (no boots)
Stlth    ++........             (no amulet)
HPRegen  0.06/turn              c - ring of see invisible
MPRegen  0.10/turn              f - ring of protection from fire

@: very slightly contaminated
A: no food or potions, fire vulnerability, cold resistance 1, negative energy
resistance 3, torment resistance, unbreathing
a: no special abilities


You were on level 4 of the Dungeon.
You were not hungry.

You visited 1 branch of the dungeon, and saw 5 of its levels.

You collected 61 gold pieces.

Inventory:

Hand Weapons
 e - a +0 short sword (weapon)
Armour
 a - a +0 robe (worn)
Jewellery
 c - a ring of see invisible (left hand)
 d - an uncursed ring of resist corrosion
 f - a ring of protection from fire (right hand)
Scrolls
 b - 2 scrolls of identify {!r, unknown}


   Skills:
 - Level 1.5 Dodging
 - Level 1.5 Stealth
 - Level 3.3 Spellcasting
 - Level 0.7 Conjurations
 + Level 3.1 Air Magic


You had 4 spell levels left.
You knew the following spells:

 Your Spells              Type           Power        Failure   Level  Hunger
a - Shock                 Conj/Air       #...         10%         1    N/A
z - Swiftness             Chrm/Air       #.......     17%         2    N/A

Your spell library contained the following spells:

 Spells                   Type           Power        Failure   Level  Hunger
 Lightning Bolt           Conj/Air       #.........   95%         5    N/A
 Airstrike                Air            ##........   50%         4    N/A
 Static Discharge         Conj/Air       #.......     28%         3    N/A

Dungeon Overview and Level Annotations

Branches:
Dungeon (5/15)
 Temple: D:4-7

Altars:
Qazlal
Ru

Shops:
D:4 (

Annotations:
D:4 Dowan, Duvessa


Innate Abilities, Weirdness & Mutations

You do not eat or drink.
Your flesh is vulnerable to fire.
You are immune to poison.
Your flesh is cold resistant. (rC+)
You are immune to negative energy. (rN+++)
You are immune to unholy pain and torment.
You can survive without breathing.


Message History

You climb downwards.
Level annotation: Dowan, Duvessa
There is a stone staircase leading up here.
A worker ant comes into view.
The worker ant twitches its antennae in your direction.
A worker ant is nearby!
Casting: Shock (safe; 10% risk of failure)
Confirm with . or Enter, or press ? or * to list all spells.
Aiming: Shock (safe; 10% risk of failure)
Press: ? - help, Shift-Dir - straight line You miscast Shock.
You are very lightly contaminated with residual magic.
Wisps of smoke drift from your hands. The worker ant bites you.
Casting: Shock (safe; 10% risk of failure)
Confirm with . or Enter, or press ? or * to list all spells.
Aiming: Shock (safe; 10% risk of failure)
Press: ? - help, Shift-Dir - straight line The zap hits the worker ant.
The worker ant is lightly wounded.
The zap hits the worker ant.
The worker ant appears unharmed.
The worker ant is lightly wounded.
The worker ant closely misses you.
Casting: Shock (safe; 10% risk of failure)
Confirm with . or Enter, or press ? or * to list all spells.
Aiming: Shock (safe; 10% risk of failure)
Press: ? - help, Shift-Dir - straight line The zap hits the worker ant.
The worker ant is heavily wounded.
The zap hits the worker ant.
The worker ant is severely wounded.
The worker ant barely misses you. The worker ant bites you.
Casting: Shock (safe; 10% risk of failure)
Confirm with . or Enter, or press ? or * to list all spells.
Aiming: Shock (safe; 10% risk of failure)
Press: ? - help, Shift-Dir - straight line The zap hits the worker ant.
The worker ant is severely wounded.
The zap hits the worker ant.
The worker ant is almost dead.
The worker ant closely misses you.
Casting: Shock (safe; 10% risk of failure)
Confirm with . or Enter, or press ? or * to list all spells.
Aiming: Shock (safe; 10% risk of failure)
Press: ? - help, Shift-Dir - straight line The zap misses the worker ant. x2; The worker ant bites you.
* * * LOW HITPOINT WARNING * * *
Casting: Shock (safe; 10% risk of failure)
Confirm with . or Enter, or press ? or * to list all spells.
Aiming: Shock (safe; 10% risk of failure)
Press: ? - help, Shift-Dir - straight line You miscast Shock.
You are blasted with air!
The worker ant closely misses you. The worker ant bites you.
* * * LOW HITPOINT WARNING * * *
The worker ant bites you but does no damage.
Casting: Shock (safe; 10% risk of failure)
Confirm with . or Enter, or press ? or * to list all spells.
Aiming: Shock (safe; 10% risk of failure)
Press: ? - help, Shift-Dir - straight line The zap hits the worker ant.
The worker ant is heavily wounded.
The zap hits the worker ant.
The worker ant appears unharmed.
The worker ant is heavily wounded.
The worker ant bites you.
You die...

#.# #.# #.#
#.# #.# #.#
#.#
#########a#
#..<....@.#
#.###.....#
# #.###.#
#.# #.# #.#
#.# #.# #.#
#.# #.# #.#
#.# #.# #.#


You could see a worker ant.

Vanquished Creatures
  An adder (D:3)
  A shadow imp (D:3)
  An orc (D:3)
  A giant cockroach (D:1)
  2 goblins (D:3)
  2 rats
8 creatures vanquished.

Notes
Turn   | Place    | Note
-------+----------+-------------------------------------------
     0 | D:1      | Amnesiac the Mummy Air Elementalist began the quest for the Orb.
     0 | D:1      | Reached XP level 1. HP: 13/13 MP: 4/4
   189 | D:3      | Reached XP level 2. HP: 19/19 MP: 1/5
   193 | D:3      | Learned a level 2 spell: Swiftness
   247 | D:3      | Found a stormy altar of Qazlal.
   549 | D:3      | Found a sacrificial altar of Ru.
   578 | D:4      | Found Innus's Antique Weapon Shop.
   581 | D:5      | Entered Level 5 of the Dungeon
   581 | D:5      | Noticed a crimson imp
   594 | D:4      | Noticed Dowan
   594 | D:4      | Noticed Duvessa
   765 | D:4      | Slain by a worker ant

Skill      XL: |  1  2 |
---------------+-------+-----
Air Magic      | 3 |  3.1
Spellcasting   | 3 |  3.3
Dodging        | |  1.5
Stealth        | |  1.5
Conjurations   | |  0.7

Action                   || total
-------------------------++-------
 Cast: Shock             ||    23
Armor: Robe              ||     2
Dodge: Dodged            ||     8
